 Dungeon Crawl Stone Soup version 0.30-b1-2-g02819fbbbe (webtiles) character file.

Game seed: 10416216827188071909

69 manyhoops the Digger (level 3, 0/26 HPs)
             Began as a Demigod Earth Elementalist on Dec 1, 2023.
             Slain by Ijyb
             ... wielding a +0 dagger
              (3 damage)
             ... on level 3 of the Dungeon.
             The game lasted 00:02:20 (1551 turns).

manyhoops the Digger (Demigod Earth Elementalist)   Turns: 1551, Time: 00:02:21

Health: 0/26       AC:  3    Str:  9    XL:     3   Next: 75%
Magic:  11/18      EV: 12    Int: 21    God:
Gold:   83         SH:  0    Dex: 14    Spells: 0/6 levels left

rFire   . . .        o - +1 long sword (drain)
rCold   . . .        (no shield)
rNeg    . . .        a - +0 robe
rPois   .            h - +1 hat
rElec   .            (no cloak)
rCorr   .            (no gloves)
SInv    .            (no boots)
Will    .....        (no amulet)
Stlth   ++           j - ring of magical power
HPRegen 0.24/turn    (no ring)
MPRegen 0.16/turn

%: no passive effects
@: mighty
A: high MP 1, forlorn, divine attributes
a: no special abilities


You were on level 3 of the Dungeon.
You visited 1 branch of the dungeon, and saw 3 of its levels.

You collected 83 gold pieces.

Inventory:

Hand Weapons
 o - a +1 long sword of draining (weapon)
Armour
 a - a +0 robe (worn)
 h - a +1 hat (worn)
Jewellery
 j - a ring of magical power (left hand)
 p - a +5 ring of evasion
Scrolls
 c - 2 scrolls of enchant armour {unknown}
 e - a scroll of summoning
 g - 2 scrolls of identify {unknown}
 i - a scroll of amnesia {unknown}
 l - a scroll of vulnerability {unknown}
 m - a scroll of teleportation {unknown}
 n - 2 scrolls of blinking {unknown}
Potions
 b - a potion of magic
 d - 3 potions of might
 f - a potion of flight {unknown}
 k - 3 potions of heal wounds {unknown}
 q - a potion of brilliance {unknown}


   Skills:
 - Level 1.7 Dodging
 - Level 1.7 Stealth
 - Level 2.3 Spellcasting
 - Level 0.8 Transmutations
 + Level 4.1 Earth Magic


You couldn't memorise any spells.
You knew the following spells:

 Your Spells              Type           Power      Damage    Failure   Level
a - Sandblast             Erth           38%        2d10      2%          1
b - Passwall              Tmut/Erth      10%        N/A       8%          2
c - Stone Arrow           Conj/Erth      22%        3d8       19%         3

Your spell library contained the following spells:

 Spells                   Type           Power      Damage    Failure   Level
 Foxfire                  Conj/Fire      8%         2x1d4     14%         1
 Petrify                  Tmut/Erth      12%        N/A       45%         4
 Fireball                 Conj/Fire      1%         3d3       99%         5
 Plasma Beam              Fire/Air       1%         2x1d12    100%        6
 Starburst                Conj/Fire      1%         6d3       100%        6


Dungeon Overview and Level Annotations

Branches:
Dungeon (3/15)

Shops:
D:2 *

Annotations:
D:3 Ijyb


Innate Abilities, Weirdness & Mutations

You have an increased reservoir of magic. (+10% MP)
You shall have no god before yourself.
Your divine heritage dramatically boosts your attributes as you level up.


Message History

A goblin comes into view. It is wielding a +0 dagger.
A rat comes into view.
Ijyb hits you with a +0 dagger.
Unknown command.
Unknown command.
Casting: Sandblast (safe; 2% risk of failure)
Confirm with . or Enter, or press ? or * to list all spells.
Aiming: Sandblast (safe; 2% risk of failure)
Press: ? - help, Shift-Dir - straight line, f/p - Ijyb
Aim: Ijyb, wielding a +0 dagger, wearing a +0 leather armour and carrying a wand of iceblast (1) (moderately wounded, 77% to hit)
The blast of sand hits Ijyb.
Ijyb is heavily wounded.
Ijyb closely misses you. Ijyb barely misses you.
Unknown command.
Casting: Sandblast (safe; 2% risk of failure)
Confirm with . or Enter, or press ? or * to list all spells.
Aiming: Sandblast (safe; 2% risk of failure)
Press: ? - help, Shift-Dir - straight line, f/p - Ijyb
Aim: Ijyb, wielding a +0 dagger, wearing a +0 leather armour and carrying a wand of iceblast (1) (heavily wounded, 77% to hit)
The blast of sand hits Ijyb.
Ijyb is severely wounded.
Ijyb hits you but does no damage.
Unknown command.
Okay, then.
Casting: Sandblast (safe; 2% risk of failure)
Confirm with . or Enter, or press ? or * to list all spells.
Aiming: Sandblast (safe; 2% risk of failure)
Press: ? - help, Shift-Dir - straight line, f/p - Ijyb
Aim: Ijyb, wielding a +0 dagger, wearing a +0 leather armour and carrying a wand of iceblast (1) (severely wounded, 77% to hit)
The blast of sand hits Ijyb.
Ijyb is severely wounded.
Ijyb hits you with a +0 dagger.
* * * LOW HITPOINT WARNING * * *
Ijyb hits you with a +0 dagger.
* * * LOW HITPOINT WARNING * * *
Unknown command.
It was a potion of might.
You feel very mighty all of a sudden. Ijyb hits you with a +0 dagger.
You die...

#......#
.......#
#......#
######......#
#......#..#.#
#.####...?..#
#.# #.#..#.##
#.# #..g)...#
#.# #.#@.#).#
#.# #.#gr# .#
#.# #.#....
.. #.#
#..........
#.#
...........
#.#
.###......
#.#.# .
.....#
#.#.##.
#.#### #.#.#


You could see Ijyb, a goblin and a rat.

Vanquished Creatures
  3 adders (D:2)
  2 dart slugs (D:2)
  6 endoplasms
  3 giant cockroaches
  2 goblins
  2 hobgoblins (D:2)
  4 jackals (D:1)
  4 kobolds
  A quokka (D:2)
  A ball python (D:2)
  4 bats
  A frilled lizard (D:2)
  4 rats
37 creatures vanquished.

Notes
Turn   | Place    | Note
-------+----------+-------------------------------------------
     0 | D:1      | manyhoops the Demigod Earth Elementalist began the quest
                  | for the Orb.
     0 | D:1      | Reached XP level 1. HP: 14/14 MP: 5/5
   133 | D:1      | Reached skill level 3 in Earth Magic
   323 | D:1      | Reached XP level 2. HP: 20/20 MP: 5/7
   917 | D:2      | Reached XP level 3. HP: 25/26 MP: 1/9
   962 | D:2      | Found Zino's General Store.
  1171 | D:2      | Reached skill level 4 in Earth Magic
  1458 | D:2      | Learned a level 2 spell: Passwall
  1462 | D:2      | Learned a level 3 spell: Stone Arrow
  1538 | D:3      | Noticed Ijyb
  1551 | D:3      | Slain by Ijyb

Illustrated notes

Levels and vault maps discovered:
D:1:      lightli_iron_boxes, layout_loops_ring
D:2:      layout_rooms, serial_shops,
          nicolae_shop_temple_entry_statues_fountains, basic_altar
D:3:      cheibrodos_helix_gallery, layout_loops_ring,
          kennysheep_cluttered_room, uniq_grinder, uniq_ijyb

Skill      XL: |  1  2  3 |
---------------+----------+-----
Earth Magic    | 3 4 |  4.1
Spellcasting   | 2 |  2.3
Dodging        | |  1.7
Stealth        | |  1.7
Transmutations | |  0.8

Action                     || total
---------------------------++-------
  Melee: Unarmed           ||     2
         Long sword        ||    13
         Punch             ||     1
   Cast: Sandblast         ||    55
    Use: Scroll            ||     1
         Potion            ||     1
   Stab: Sleeping          ||     1
 Armour: Robe              ||     8
  Dodge: Dodged            ||    25
